AoeStats
← AndiBoy

Arabia

508502184Analyzed
3v3 RM · 8d ago on Sep 22, 2026· 43m 20s· 6 players
Game mode
Random Map
Map size
Normal (6 player)
Population
200
Speed
Normal
Resources
Standard
Victory
Conquest
Starting age
Dark Age
Ending age
Imperial Age
RankedLock teamsTeams togetherTeam positionsShared explorationLock speedFull tech treeHidden civsTurbo modeCheats
Victory
Defeat
🇧🇷 Vikings · Brazil
1079
+15
🇧🇷 Franks · Brazil
1059
+16
🇧🇷 Khmer · Brazil
949
+20
🇦🇷 Danes · Argentina
1078
-18
🇦🇷 Varangians · Argentina
1058
-17
🇦🇷 Saxons · Argentina
1037
-16
slvitor
6:05 Loom
9:20 Feudal Age
12:54 Town Watch
17:53 Double-Bit Axe
17:55 Horse Collar
20:23 Castle Age
18:42 Gold Mining
19:15 Bloodlines
19:54 Scale Barding Armor
21:17 Husbandry
21:23 Light Cavalry
23:38 Forging
25:43 Bow Saw
27:06 Chain Barding Armor
32:32 Imperial Age
32:42 Gold Shaft Mining
32:11 Heavy Plow
32:49 Iron Casting
33:00 Cavalier
33:47 Fletching
34:31 Capped Ram
36:40 Blast Furnace
38:48 Wheelbarrow
38:46 Devotion
41:58 Crop Rotation
42:07 Plate Barding Armor
41:45 Herbal Medicine
42:03 Bodkin Arrow
43:08 Conscription
43:30 Hand Cart
43:08 Stone Mining
43:23 Bracer
βolacha
7:24 Loom
10:25 Feudal Age
15:50 Castle Age
15:02 Double-Bit Axe
23:12 Scale Barding Armor
23:19 Forging
25:03 Scale Barding Armor
26:18 Husbandry
26:27 Gold Mining
26:50 Stone Mining
30:23 Wheelbarrow
31:44 Iron Casting
31:30 Chain Barding Armor
32:20 Bow Saw
32:47 Gold Shaft Mining
32:18 Scale Mail Armor
33:33 Hand Cart
36:32 Imperial Age
35:42 Chain Mail Armor
37:49 Cavalier
39:21 Chivalry
44:08 Blast Furnace
43:44 Plate Barding Armor
43:58 Conscription
Viniciussgg
7:16 Loom
10:27 Feudal Age
11:51 Double-Bit Axe
15:41 Scale Barding Armor
21:35 Castle Age
20:29 Fletching
20:39 Padded Archer Armor
20:24 Horse Collar
21:08 Gold Mining
21:56 Elite Skirmisher
24:52 Leather Archer Armor
28:03 Gold Shaft Mining
27:32 Heavy Plow
28:33 Bodkin Arrow
31:33 Ballistics
35:58 Imperial Age
34:16 Forging
34:06 Scale Mail Armor
34:15 Stone Mining
35:01 Pikeman
35:28 Arson
35:43 Squires
35:03 Man-at-Arms
37:20 Iron Casting
37:00 Chain Mail Armor
36:21 Long Swordsman
39:33 Two-Handed Swordsman
40:51 Plate Mail Armor
41:21 Blast Furnace
41:33 Ring Archer Armor
41:04 Bracer
40:42 Champion
42:14 Elite Varangian Guard
44:33 Chemistry
43:13 Treadmill Crane
44:35 Chemistry
AndiBoy
4:50 Loom
10:31 Feudal Age
14:58 Castle Age
14:54 Double-Bit Axe
15:47 Squires
25:46 Pikeman
29:30 Gambesons
33:18 Scale Mail Armor
33:20 Horse Collar
41:36 Heavy Plow
42:17 Forging
nicolitos
9:46 Feudal Age
9:25 Loom
10:51 Double-Bit Axe
18:58 Fletching
22:36 Castle Age
21:40 Horse Collar
24:46 Wheelbarrow
24:18 Padded Archer Armor
24:13 Bodkin Arrow
23:42 Crossbowman
25:11 Bow Saw
25:58 Heavy Plow
28:33 Ballistics
35:18 Scale Mail Armor
35:28 Forging
36:42 Hand Cart
41:07 Imperial Age
39:18 Masonry
41:48 Imperial Age
39:28 Squires
39:14 Gambesons
39:15 Arson
38:55 Hamask
39:55 Chain Mail Armor
39:50 Forging
39:09 Pikeman
40:15 Gold Mining
40:47 Pikeman
42:27 Iron Casting
42:11 Halberdier
Mandalorian
8:20 Loom
10:28 Feudal Age
11:00 Double-Bit Axe
16:42 Castle Age
15:45 Horse Collar
20:35 Gambesons
22:53 Scale Mail Armor
24:59 Arson
27:14 Wheelbarrow
30:22 Pikeman
32:21 Forging
32:05 Town Watch
33:51 Heavy Plow
35:41 Chain Mail Armor
36:50 Squires
37:59 Iron Casting
Connection lost

Rejoining the realm…

Still unreachable

The connection could not be restored.

Session expired

The server has moved on; the page needs a fresh start.